 Dungeon Crawl Stone Soup version 0.18.1-48-g4cf74bf (webtiles) character file.

3151 Galewin the Severer (level 9, -4/70 HPs)
             Began as a Minotaur Berserker on Aug 24, 2016.
             Was an Elder of Trog.
             Slain by Joseph
             ... wielding a +0 quarterstaff
              (9 damage)
             ... on level 8 of the Dungeon.
             The game lasted 00:12:38 (5734 turns).

Galewin the Severer (Minotaur Berserker)            Turns: 5734, Time: 00:12:39

Health: -4/70      AC:  9    Str: 25    XL:     9   Next: 62%
Magic:  8/8        EV:  9    Int:  4    God:    Trog [****..]
Gold:   132        SH:  0    Dex: 10    Spells: 0 memorised, 8 levels left

rFire  . . .     SeeInvis .     a - +1 hand axe
rCold  . . .     Gourm    +     o - +0 chain mail
rNeg   . . .     Faith    .     (no shield)
rPois  .         Spirit   .     (helmet restricted)
rElec  .         Dismiss  .     e - +0 cloak
rCorr  .         Reflect  .     (no gloves)
SustAt +         Harm     .     (no boots)
MR     ++...                    s - amulet of the gourmand
Stlth  ..........               (no ring)
                                b - ring of sustain attributes

@: exhausted, regenerating, slowed, very slow, very resistant to hostile
enchantments, extremely unstealthy
A: retaliatory headbutt, horns 2
a: Berserk, Trog's Hand, Brothers in Arms, Burn Spellbooks, Renounce Religion


You were on level 8 of the Dungeon.
You worshipped Trog.
Trog was greatly pleased with you.
You were very full.

You visited 1 branch of the dungeon, and saw 8 of its levels.

You collected 372 gold pieces.
You spent 240 gold pieces at shops.

Inventory:

Hand Weapons
 a - a +1 hand axe (weapon)
Armour
 e - a +0 cloak (worn)
 o - a +0 chain mail (worn)
Jewellery
 b - a ring of sustain attributes (left hand)
 h - an uncursed ring of protection from cold
 s - an amulet of the gourmand (around neck)
Wands
 g - a wand of flame (29/48)
 D - a wand of hasting (1/9)
Scrolls
 l - 3 scrolls of teleportation {unknown}
 r - 3 scrolls of identify
 t - a scroll of remove curse {unknown}
 u - 3 scrolls of blinking {unknown}
 A - 2 scrolls of amnesia {unknown}
 B - 2 scrolls of magic mapping
 C - a scroll of fog {unknown}
Potions
 d - 3 potions of cure mutation {unknown}
 i - a potion of magic {unknown}
 j - 2 potions of heal wounds {unknown}
 k - a potion of berserk rage {unknown}
 m - 2 potions of curing {unknown}
 n - 2 potions of flight {unknown}
 q - 2 potions of might {unknown}
 v - a potion of ambrosia {unknown}
 w - a potion of agility {unknown}
 z - a potion of lignification {unknown}
 E - a potion of brilliance {unknown}
Miscellaneous
 y - a box of beasts
Comestibles
 c - 9 bread rations
 f - 4 slices of pizza
 p - a meat ration
 x - 7 beef jerkies


   Skills:
 - Level 3.6 Fighting
 * Level 15.5 Axes
 - Level 2.4 Armour
 - Level 2.1 Dodging


You had 8 spell levels left.
You didn't know any spells.

Dungeon Overview and Level Annotations

Branches:
Dungeon (8/15)             Temple (0/1) D:5
   Lair: D:8-11

Altars:
Cheibriados
Elyvilon
Makhleb
Okawaru
Ru
Sif Muna
Trog

Shops:
D:5 }

Annotations:
D:8 Joseph


Innate Abilities, Weirdness & Mutations

You reflexively headbutt those who attack you in melee.
You have a pair of horns on your head.


Message History

You hit Joseph.
Joseph is lightly wounded.
You completely miss Joseph. Your headbutt misses Joseph.
Joseph is lightly wounded.
Joseph hits you with an uncursed quarterstaff.
* * * LOW HITPOINT WARNING * * *
You barely miss Joseph.
Joseph is lightly wounded.
Joseph barely misses you. You furiously retaliate!
You headbutt Joseph! You closely miss Joseph. You headbutt Joseph.
Joseph is moderately wounded.
Joseph hits you with an uncursed quarterstaff!
* * * LOW HITPOINT WARNING * * *
Okay, then.
Your skin crawls.
You feel resistant to hostile enchantments.
You feel slightly less full. Joseph closely misses you.
You furiously retaliate!
You headbutt Joseph, but do no damage.
Joseph hits you with an uncursed quarterstaff!
You die...

..#.#. ##...
.#._. . #....
..#.#..
#....##...#...
#....#...)....
#....#......#
#....#......#
###....#@.....#
.......@......#
###....#(.....#
#....#).....#
#....#......#
#....#.(≈)≈.#
######..(...#
#..()..#
#......#


You could see Joseph.

Vanquished Creatures
  A hill giant (D:7)
  A troll (D:7)
  Prince Ribbit (D:6)
  Sigmund (D:5)
  A hungry ghost (D:5)
  2 orc warriors
  A sky beast (D:5)
  4 ogres
  A necrophage (D:7)
  2 centaurs
  The ghost of Heedrag the Conjurer, an amateur DECj (D:3)
  2 giant frogs (D:7)
  A gnoll sergeant (D:5)
  A wyvern zombie (D:7)
  2 scorpions
  A howler monkey (D:5)
  A crimson imp (D:6)
  2 orc priests
  A jelly (D:7)
  3 orc wizards
  A giant frog skeleton (D:5)
  3 iguanas
  Natasha (thrice) (D:4)
  2 worker ants (D:7)
  2 hound skeletons
  A worker ant zombie (D:5)
  8 adders
  3 gnolls (D:5)
  2 shadow imps
  3 oozes
  2 adder zombies (D:5)
  2 adder skeletons
  3 worms (D:2)
  2 dart slugs (D:3)
  4 giant geckos
  13 orcs
  4 bats
  7 giant cockroaches
  8 hobgoblins
  7 jackals
  2 kobolds (D:2)
  A quokka (D:2)
  3 ball pythons
  5 giant newts
  3 goblins
  A quokka zombie (D:5)
  8 rats
133 creatures vanquished.

Notes
Turn   | Place    | Note
--------------------------------------------------------------
     0 | D:1      | Galewin the Minotaur Berserker began the quest for the Orb.
     0 | D:1      | Reached XP level 1. HP: 19/19 MP: 0/0
    74 | D:1      | Reached skill level 4 in Axes
   142 | D:1      | Reached XP level 2. HP: 21/26 MP: 1/1
   611 | D:2      | Reached skill level 5 in Axes
   611 | D:2      | Reached XP level 3. HP: 11/31 MP: 2/2
  1053 | D:2      | Found a faded altar to an unknown god.
  1161 | D:2      | Reached ** piety under Trog
  1161 | D:2      | Reached XP level 4. HP: 18/39 MP: 3/3
  1182 | D:2      | Reached skill level 6 in Axes
  1355 | D:2      | Found a sacrificial altar of Ru.
  2318 | D:3      | Noticed Heedrag's ghost (amateur DECj)
  2326 | D:3      | Killed Heedrag's ghost
  2326 | D:3      | Reached skill level 7 in Axes
  2326 | D:3      | Reached XP level 5. HP: 45/45 MP: 4/4
  2443 | D:3      | Found a bloodstained altar of Trog.
  2540 | D:4      | Noticed an ogre
  2544 | D:4      | Killed an ogre
  2544 | D:4      | Reached skill level 8 in Axes
  2544 | D:4      | Reached XP level 6. HP: 51/51 MP: 5/5
  2633 | D:4      | Noticed Natasha
  2637 | D:4      | Killed Natasha
  2736 | D:4      | Noticed Natasha
  2741 | D:4      | Killed Natasha
  2794 | D:4      | Noticed Natasha
  2795 | D:4      | Reached skill level 9 in Axes
  2800 | D:4      | Killed Natasha
  2908 | D:4      | Reached *** piety under Trog
  3056 | D:5      | Entered Level 5 of the Dungeon
  3094 | D:5      | Found a staircase to the Ecumenical Temple.
  3103 | D:5      | Noticed Sigmund
  3114 | D:5      | Killed Sigmund
  3114 | D:5      | Reached skill level 10 in Axes
  3114 | D:5      | Reached XP level 7. HP: 57/57 MP: 6/6
  3251 | D:5      | Noticed a hungry ghost
  3258 | D:5      | Killed a hungry ghost
  3258 | D:5      | Reached skill level 11 in Axes
  3462 | D:5      | Reached XP level 8. HP: 64/64 MP: 7/7
  3572 | D:5      | Found Bomn's Gadget Shop.
  3581 | D:5      | Bought a box of beasts for 240 gold pieces
  3630 | D:5      | Found a deep blue altar of Sif Muna.
  3634 | D:5      | Found a white marble altar of Elyvilon.
  3637 | D:5      | Found a burning altar of Makhleb.
  3950 | D:5      | Reached skill level 12 in Axes
  4175 | D:6      | Noticed Prince Ribbit
  4183 | D:6      | Killed Prince Ribbit
  4544 | D:6      | Reached skill level 13 in Axes
  4723 | D:7      | Reached **** piety under Trog
  5208 | D:7      | Reached XP level 9. HP: 70/70 MP: 8/8
  5326 | D:7      | Noticed a troll
  5335 | D:7      | Killed a troll
  5335 | D:7      | Reached skill level 14 in Axes
  5555 | D:7      | Noticed a hill giant
  5562 | D:7      | Killed a hill giant
  5562 | D:7      | Reached skill level 15 in Axes
  5644 | D:7      | Found a snail-covered altar of Cheibriados.
  5725 | D:8      | Noticed Joseph
  5727 | D:8      | Found an iron altar of Okawaru.
  5732 | D:8      | HP: 3/70 [Joseph/uncursed quarterstaff (12)]
  5734 | D:8      | Slain by Joseph

Skill      XL: |  1  2  3  4  5  6  7  8  9 |
---------------+----------------------------+-----
Axes           | 4 5 7 8 10 11 13 15 | 15.5
Fighting       | |  3.6
Armour         | |  2.4
Dodging        | |  2.1

Action                   |  1- 3 |  4- 6 |  7- 9 || total
-------------------------+-------+-------+-------++-------
Melee: Hand axe          |    68 |   120 |   196 ||   384
       Headbutt          |    13 |    28 |    39 ||    80
Invok: Berserk           |     2 |     3 |     9 ||    14
       Burn Spellbooks   |       |       |     1 ||     1
       Trog's Hand       |       |       |     1 ||     1
  Use: Scroll            |     5 |     2 |     2 ||     9
 Stab: Sleeping          |     1 |       |       ||     1
  Eat: Chunk             |     2 |     4 |    32 ||    38
       Meat ration       |       |     1 |       ||     1
Armor: Animal skin       |     9 |    11 |       ||    20
       Scale mail        |       |     5 |       ||     5
       Chain mail        |       |    34 |    67 ||   101
Dodge: Dodged            |    46 |    46 |    45 ||   137
